 Dungeon Crawl Stone Soup version 0.31-a0-1002-g8e65716e6e (webtiles) character file.

Game seed: 4438637034033013264

1276 Chiseanne the Covert (level 8, -9/55 HPs)
             Began as an Octopode Wanderer on Nov 9, 2023.
             Was an Initiate of Gozag.
             Mangled by a troll zombie (12 damage)
             ... in an ossuary.
             The game lasted 00:10:19 (4622 turns).

Chiseanne the Covert (Octopode Wanderer)            Turns: 4622, Time: 00:10:20

Health: -9/55      AC:  1    Str: 12    XL:     8   Next: 54%
Magic:  8/8        EV: 14    Int: 14    God:    Gozag
Gold:   335        SH:  5    Dex: 13    Spells: 7/7 levels left

rFire   . . .        a - +2 dagger
rCold   . . .        d - +0 buckler
rNeg    . . .        (helmet restricted)
rPois   .            k - amulet of magic regeneration
rElec   .            h - ring of see invisible
rCorr   .            (no ring)
SInv    +            (no ring)
Will    .....        (no ring)
Stlth   +++++        (no ring)
HPRegen 0.29/turn    (no ring)
MPRegen 0.51/turn    (no ring)
                     (no ring)

%: no passive effects
@: no status effects
A: almost no armour, amphibious, 8 rings, camouflage 1, gelatinous body 1,
(nimble swimmer 1), tentacles
a: Renounce Religion, Potion Petition, Call Merchant, Bribe Branch


You were in an ossuary.
You worshipped Gozag.
Gozag was aware of your devotion.
You visited 2 branches of the dungeon, and saw 7 of its levels.
You also visited: Ossuary.

You collected 458 gold pieces.
You paid 123 gold pieces to Gozag.

Inventory:

Hand Weapons
 a - a +2 dagger (weapon)
 c - a +0 falchion
 i - a +1 heavy hand axe
Missiles
 f - 33 stones
Armour
 d - a +0 buckler (worn)
Magical Staves
 p - a staff of poison
Jewellery
 h - a ring of see invisible (left tentacle)
 k - an amulet of magic regeneration (around mantle)
 u - an amulet of reflection
Scrolls
 b - a scroll of blinking
 e - 2 scrolls of fog
 r - 5 scrolls of identify
 s - a scroll of enchant weapon {unknown}
 t - a scroll of revelation
 v - 2 scrolls of vulnerability {unknown}
 y - a scroll of poison {unknown}
 C - a scroll of teleportation
Potions
 g - a potion of ambrosia
 j - a potion of magic
 l - a potion of haste {unknown}
 m - a potion of enlightenment
 n - a potion of invisibility
 o - a potion of lignification {unknown}
 q - 2 potions of curing
 w - a potion of resistance {unknown}
 x - a potion of berserk rage {unknown}
 z - 4 potions of brilliance {unknown}
 A - a potion of heal wounds
 B - a potion of mutation {unknown}


   Skills:
 * Level 5.2 Fighting
 - Level 1.0 Long Blades
 * Level 4.9 Dodging
 * Level 9.8 Stealth
 * Level 5.3 Shields


You had 7 spell levels left.
You didn't know any spells.
Your spell library contained the following spells:

 Spells                   Type           Power      Damage    Failure   Level
 Cigotuvi's Dreadful Rot  Necr/Pois/Air  0%         N/A       50%         2
 Lesser Beckoning         Tloc           0%         N/A       50%         2
 Poisonous Vapours        Pois/Air       0%         N/A       50%         2
 Gell's Gravitas          Tloc           0%         N/A       75%         3
 Ignite Poison            Fire/Tmut/Pois 0%         N/A       75%         3
 Mephitic Cloud           Conj/Pois/Air  0%         N/A       75%         3
 Teleport Other           Tloc           0%         N/A       75%         3
 Freezing Cloud           Conj/Ice/Air   0%         6-21      100%        5
 Conjure Ball Lightning   Conj/Air       0%         3x3d6     100%        6
 Discord                  Hex            0%         N/A       100%        8
 Disjunction              Tloc           0%         N/A       100%        8


Dungeon Overview and Level Annotations

Branches:
Dungeon (6/15)             Temple (1/1) D:5         Ossuary (1/1)

Altars:
Ashenzari
Cheibriados
Dithmenos
Elyvilon
Fedhas
Gozag
Hepliaklqana
Kikubaaqudgha
Makhleb
Nemelex Xobeh
Okawaru
Qazlal
Ru
Sif Muna
Trog
Xom
Yredelemnul
Zin
The Shining One

Shops:
D:2 (

Annotations:
D:2 1 runed translucent door, Crazy Yiuf
D:6 exclusion: upstairs


Innate Abilities, Weirdness & Mutations

You cannot wear most types of armour.
You are amphibious.
You can wear up to eight rings at the same time.
Your skin changes colour to match your surroundings (Stealth+).
Your rubbery body absorbs attacks. (AC +1, EV +1)
((You are camouflaged when in or above water. (Stealth+)))
You have tentacles for arms and can constrict up to eight enemies at once.


Message History

x - an emerald potion
r - 3 scrolls of identify (gained 1)
r - 4 scrolls of identify (gained 1)
z - 2 sapphire potions
A - a potion of heal wounds
v - 2 scrolls labelled PUCABR WACW (gained 1)
B - a sedimented amethyst potion
y - a scroll labelled OXZIAF ZUIF
C - a scroll of teleportation You now have 311 gold pieces (gained 20).
You now have 320 gold pieces (gained 9).
z - 3 sapphire potions (gained 1)
r - 5 scrolls of identify (gained 1)
There is a gate leading back out of this place here.
You now have 335 gold pieces (gained 15).
z - 4 sapphire potions (gained 1)
q - 2 potions of curing (gained 1)
A troll zombie comes into view.
The helpless troll zombie fails to defend itself.
You skewer the troll zombie like a kebab!!!
You squeeze the troll zombie, but do no damage.
The troll zombie is heavily damaged.
The troll zombie bites you! The troll zombie claws you! x2
You hit the troll zombie.
The troll zombie is severely damaged.
The troll zombie misses you. The troll zombie closely misses you.
The troll zombie claws you.
* * * LOW HITPOINT WARNING * * *
You hit the troll zombie. You squeeze the troll zombie!
The troll zombie is almost destroyed.
The troll zombie bites you!
* * * LOW HITPOINT WARNING * * *
The troll zombie claws you.
* * * LOW HITPOINT WARNING * * *
The troll zombie misses you.
You hit the troll zombie.
The troll zombie is almost destroyed.
The troll zombie bites you!
You die...
Your body crumbles into a pile of gold.

#..########....∩....###
#.. #.................
#.. #.................
#.. +.................
#.. #.................
####......#......#
#.........#.......
+....#....#....#..
#@...#....#....#..
#Z...#....#....#..
#######+###+######


You could see a troll zombie.

Vanquished Creatures
  2 water moccasins (D:6)
  A sky beast (D:6)
  A centaur (D:5)
  2 ogres
  A scorpion (D:5)
  A howler monkey (D:6)
  5 hounds
  4 centaur zombies (Ossuary)
  A sleepcap (D:5)
  Terence (D:3)
  2 orc wizards (D:4)
  6 mummies (Ossuary)
  2 adders
  4 gnolls
  A shadow imp (D:5)
  4 ufetubi
  An adder zombie (Ossuary)
  6 dart slugs
  5 orcs
  6 endoplasms
  A giant cockroach (D:2)
  3 goblins
  3 hobgoblins
  8 jackals
  4 quokkas
  9 ball pythons
  7 bats
  5 frilled lizards
  A goblin zombie (Ossuary)
  2 hobgoblin zombies (Ossuary)
  2 kobolds
  A kobold zombie (Ossuary)
  An orc zombie (Ossuary)
  2 quokka zombies (Ossuary)
  4 rats
109 creatures vanquished.

Notes
Turn   | Place    | Note
-------+----------+-------------------------------------------
     0 | D:1      | Chiseanne the Octopode Wanderer began the quest for the
                  | Orb.
     0 | D:1      | Chiseanne set off with the following items: a +2 dagger, a
                  | scroll of blinking, a +0 falchion, a +0 buckler, a scroll
                  | of fog.
     0 | D:1      | Reached XP level 1. HP: 14/14 MP: 1/1
    79 | D:1      | Chiseanne: whenever you idiots bring in something new its
                  | utter anc complete shit
   169 | D:1      | Reached XP level 2. HP: 17/19 MP: 2/2
   612 | D:2      | Reached skill level 1 in Dodging
   683 | D:2      | Reached XP level 3. HP: 18/25 MP: 3/3
   861 | D:2      | Found a runed translucent door.
   862 | D:2      | Noticed Crazy Yiuf
  1044 | D:2      | Found Gouta's Antique Weapon Boutique.
  1077 | D:2      | Reached skill level 7 in Stealth
  1585 | D:3      | Found a blossoming altar of Fedhas.
  1722 | D:3      | Noticed Terence
  1724 | D:3      | Killed Terence
  1725 | D:3      | Reached XP level 4. HP: 30/30 MP: 4/4
  1836 | D:3      | Found a shimmering altar of Xom.
  1888 | D:3      | Reached XP level 5. HP: 36/36 MP: 5/5
  2325 | D:4      | Found a white marble altar of Elyvilon.
  2673 | D:4      | Noticed an ogre
  2701 | D:4      | Killed an ogre
  2702 | D:4      | Reached skill level 8 in Stealth
  2702 | D:4      | Reached XP level 6. HP: 42/42 MP: 6/6
  3366 | D:5      | Entered Level 5 of the Dungeon
  3367 | D:5      | Chiseanne: you fuckd up a perfect game with this stupid
                  | shit FU
  3396 | D:5      | Reached XP level 7. HP: 35/47 MP: 7/7
  3720 | D:5      | Found a staircase to the Ecumenical Temple.
  3884 | D:6      | Reached skill level 9 in Stealth
  3947 | D:6      | Reached XP level 8. HP: 54/54 MP: 8/8
  3963 | Temple   | Entered the Ecumenical Temple
  3969 | Temple   | Became a worshipper of Gozag Ym Sagoz the Greedy
  4033 | D:6      | Found a sparkling altar of Nemelex Xobeh.
  4064 | D:6      | Reached skill level 5 in Fighting
  4064 | D:6      | Reached skill level 5 in Shields
  4212 | D:6      | Found a sand-covered staircase.
  4221 | Ossuary  | Entered an ossuary
  4622 | Ossuary  | Mangled by a troll zombie

Illustrated notes

Levels and vault maps discovered:
D:1:      lightli_arrival_flooded_house, layout_basic
D:2:      layout_loops_ring, serial_shops, shop,
          hangedman_decor_clover_reticule, chequers_serial_rivers_micro_c,
          corner_web_ring, uniq_crazy_yiuf_cottage
D:3:      layout_basic, xom_butterflies, mainiacjoe_overflow_six_doors_small,
          serial_forest, infiniplex_forest_clump_double,
          infiniplex_forest_zigzag_1, infiniplex_forest_clump_tiny,
          infiniplex_forest_clump_medium, infiniplex_forest_straight_4,
          hangedman_abyss_or_decor_stabs, cheibrodos_gnoll_hut, uniq_terence
D:4:      layout_cave_pods, nicolae_elyvilon_peaceful_grove
D:5:      lemuel_ratsnest, layout_basic, minmay_temple_entry_from_below_b,
          chequers_serial_rivers_micro_c, lemuel_flamethrower_2
D:6:      layout_basic, nzn_wu_jian_council_hall, nemelex_spade_bored_becter,
          lightli_ossuary_entry_decrepit_ruins
Temple:   bh_familiar_temple
Ossuary:  ossuary_boxes_badplayer

Skill      XL: |  1  2  3  4  5  6  7  8 |
---------------+-------------------------+-----
Dodging        | 1 2 3 4 |  4.9
Stealth        | 7 8 9 |  9.8
Fighting       | 3 4 5 |  5.2
Shields        | 3 4 5 |  5.3
Long Blades    | |  1.0

Action                     |  1- 3 |  4- 6 |  7- 9 || total
---------------------------+-------+-------+-------++-------
  Melee: Dagger            |    59 |    79 |   128 ||   266
         Constrict         |     8 |    17 |    18 ||    43
         Tentacles         |     2 |    18 |    37 ||    57
         Punch             |       |       |     3 ||     3
    Use: Scroll            |     4 |     7 |       ||    11
         Potion            |       |     1 |     2 ||     3
   Stab: Sleeping          |    23 |    13 |    15 ||    51
         Distracted        |       |     1 |       ||     1
         Invisible         |       |     1 |       ||     1
 Armour: Skin              |    12 |    39 |    63 ||   114
  Dodge: Dodged            |    16 |    50 |    86 ||   152
  Block: Buckler           |     6 |    21 |    48 ||    75

Table legend: (Time is in decaauts)
 A = Elapsed time spent in this place.
 B = Non-inter-level travel time spent in this place.
 C = Inter-level travel time spent in this place.
 D = Time resting spent in this place.
 E = Time spent auto-exploring this place.
 F = Levels seen in this place.
 G = Mean time per level.
                   A        B        C        D        E       F      G
               +--------+--------+--------+--------+--------+-----+--------+
         Total |   4629 |   4521 |    108 |    525 |   2903 |   8 |  578.6 |
       Dungeon |   4214 |   4106 |    108 |    404 |   2818 |   6 |  702.3 |
        Temple |     11 |     11 |      0 |      0 |      0 |   1 |   11.0 |
       Ossuary |    403 |    403 |      0 |    121 |     85 |   1 |  403.0 |
               +--------+--------+--------+--------+--------+-----+--------+

Top non-repeatable levels by time:
     D:4: 1060 daAuts
     D:2: 946 daAuts
     D:3: 755 daAuts
     D:1: 607 daAuts
     D:5: 447 daAuts
 Ossuary: 403 daAuts
     D:6: 398 daAuts
  Temple: 11 daAuts
